 Dungeon Crawl Stone Soup version 0.25-a0-410-g53dbb631d1 (webtiles) character file.

Game seed: 9287803010677791242, levelgen mode: deterministic

6161 Napalmbreeze the Grappler (level 10, -17/104 HPs)
             Began as a Troll Hunter on Jan 13, 2020.
             Was a Believer of Makhleb.
             Demolished by a four-headed hydra (18 damage)
             ... on level 10 of the Dungeon.
             The game lasted 00:19:01 (8550 turns).

Napalmbreeze the Grappler (Troll Hunter)            Turns: 8550, Time: 00:19:01

Health: -17/104    AC: 10    Str: 25    XL:     10   Next: 60%
Magic:  0/13       EV: 11    Int:  7    God:    Makhleb [**....]
Gold:   620        SH:  0    Dex: 10    Spells: 9/9 levels left

rFire    . . .     SeeInvis .     - Unarmed
rCold    . . .     Gourm    +   (no shield)
rNeg     . . .     Faith    .   b - +0 robe
rPois    +         Spirit   +   (helmet restricted)
rElec    .         Reflect  .   x - scarf {Spirit}
rCorr    .         Harm     .   (gloves unavailable)
MR       .....                  (boots unavailable)
Stlth    +.........             A - amulet of the acrobat
HPRegen  0.67/turn              c - +4 ring of protection
MPRegen  0.13/turn              B - ring of poison resistance

@: no status effects
A: large, unfitting armour, claws 3, fast metabolism 3, gourmand, regeneration
1, shaggy fur 1, tough skin 3
a: Minor Destruction, Renounce Religion


You were on level 10 of the Dungeon.
You worshipped Makhleb.
Makhleb was pleased with you.
You were completely stuffed.

You visited 1 branch of the dungeon, and saw 10 of its levels.

You collected 620 gold pieces.

Inventory:

Missiles
 d - a throwing net
 z - 2 large rocks (quivered)
Armour
 b - a +0 robe (worn)
 x - a scarf of spirit shield (worn)
Jewellery
 c - a +4 ring of protection (left claw)
 n - an uncursed ring of ice
 A - an amulet of the acrobat (around neck)
 B - a ring of poison resistance (right claw)
 I - an uncursed amulet of guardian spirit
Wands
 a - a wand of flame (5)
 q - a wand of acid (7)
 H - a wand of random effects (11)
Scrolls
 e - 2 scrolls of fear
 h - 11 scrolls of teleportation
 k - 5 scrolls of blinking
 m - 3 scrolls of enchant armour
 o - a scroll of random uselessness
 p - 6 scrolls of magic mapping
 t - 4 scrolls of remove curse
 u - a scroll of fog {unknown}
 v - a scroll of amnesia {unknown}
 y - 2 scrolls of immolation
 D - a scroll of brand weapon {unknown}
 F - 2 scrolls of enchant weapon
 G - a scroll of silence {unknown}
Potions
 g - 3 potions of lignification
 i - 6 potions of curing
 j - 2 potions of mutation
 l - 4 potions of heal wounds
 r - a potion of invisibility {unknown}
 s - a potion of berserk rage {unknown}
 w - 2 potions of flight {unknown}
 E - a potion of brilliance {unknown}
Comestibles
 f - 15 rations
 J - 2 chunks of flesh


   Skills:
 + Level 7.8 Fighting
 - Level 5.0 Throwing
 - Level 5.0 Dodging
 - Level 0.3 Stealth
 + Level 8.9 Unarmed Combat
 + Level 6.3 Invocations


You had 9 spell levels left.
You didn't know any spells.
Your spell library contained the following spells:

 Spells                   Type           Power        Failure   Level  Hunger
 Magic Dart               Conj           #...         43%         1    ##.....
 Blink                    Tloc           N/A          56%         2    ###....
 Call Imp                 Summ           #.......     56%         2    ###....
 Slow                     Hex            #.......     56%         2    ###....
 Conjure Flame            Conj/Fire      #.......     80%         3    ####...
 Mephitic Cloud           Conj/Pois/Air  #.......     80%         3    ####...


Dungeon Overview and Level Annotations

Branches:
Dungeon (10/15)            Temple (0/1) D:7            Lair (0/6) D:10
    Orc: D:9-12

Altars:
Cheibriados
Dithmenos
Elyvilon
Gozag
Kikubaaqudgha
Makhleb
Okawaru
Qazlal
Wu Jian
Xom
Yredelemnul

Shops:
D:9 *   D:10 ?

Annotations:
D:10 Harold


Innate Abilities, Weirdness & Mutations

You are too large for most types of armour.
You have claws for hands.
Your metabolism is lightning-fast.
You like to eat raw meat.
Your natural rate of healing is unusually fast.
You are covered in fur. (AC +1)
You have extremely tough skin. (AC +3)


Message History

The four-headed hydra closely misses you.
Throwing (i - inventory. (/) - cycle)
z - 3 large rocks (quivered)
Press: ? - help, Shift-Dir - straight line, f/p - four-headed hydra
Aim: a four-headed hydra (moderately wounded)
You throw a large rock.
The large rock hits the four-headed hydra!!
The four-headed hydra is heavily wounded.
The four-headed hydra bites you!!
* * * LOW HITPOINT WARNING * * *
The four-headed hydra bites you!
* * * LOW HITPOINT WARNING * * *
The four-headed hydra completely misses you.
The four-headed hydra bites you.
* * * LOW HITPOINT WARNING * * *
The four-headed hydra misses you. The four-headed hydra bites you!
* * * LOW HITPOINT WARNING * * *
The four-headed hydra bites you!
* * * LOW HITPOINT WARNING * * *
The four-headed hydra bites you!!
You die...

.# #.#####...####.##.##..##.#####
+###'######..# ##.##..#..........
........# #..###..##..#..##.####.
........# #...........#..##.####.
........# ##.###..#............#.
........####..........#...D......
....[.................#.#####D##.
......#......###..(#..#.#<# #.###
......#......# #@..#....#.###.##.
#######......# #D.........D.D....
#####.####..###.###..##....
#.........# #...#........
...≈≈≈≈≈...# ?#.#..##...#
.≈≈≈≈≈≈≈≈≈.# #..##...#
≈≈≈≈≈≈≈≈≈≈... ##.#.....
≈≈≈≈≈≈≈≈≈≈≈.#.# #.#.....
≈≈≈≈_≈≈≈≈≈≈.... .)......


You could see a four-headed hydra.

Vanquished Creatures
  Maurice (D:9)
  Joseph (D:7)
  A queen bee (D:8)
  2 hippogriffs
  A steam dragon (D:9)
  A water moccasin (D:8)
  Duvessa (D:6)
  4 sky beasts
  3 orc warriors
  An ice beast (D:5)
  2 black bears (D:10)
  4 ogres
  3 phantoms
  3 centaurs
  A big kobold (D:9)
  7 bullfrogs
  Dowan (D:6)
  A scorpion (D:9)
  A wyvern skeleton (D:5)
  17 killer bees
  3 wights (D:6)
  A howler monkey (D:4)
  3 electric eels (D:9)
  6 crimson imps
  A bullfrog zombie (D:8)
  2 hounds
  3 jellies
  4 orc priests
  A bullfrog skeleton (D:9)
  A centaur zombie (D:8)
  An iguana (D:5)
  8 orc wizards
  A worker ant (D:5)
  A killer bee zombie (D:10)
  A hound skeleton (D:9)
  10 adders
  2 shadow imps
  3 oozes
  An adder zombie (D:6)
  A worm (D:5)
  4 adder skeletons
  A dart slug (D:1)
  3 leopard geckos
  34 orcs
  5 giant cockroaches
  6 goblins
  6 hobgoblins
  13 jackals
  6 quokkas
  7 bats
  8 frilled lizards
  12 kobolds
  A leopard gecko skeleton (D:5)
  6 rats
222 creatures vanquished.

Vanquished Creatures (others)
  An adder (D:5)
  A giant cockroach (D:5)
2 creatures vanquished.

Grand Total: 224 creatures vanquished

Notes
Turn   | Place    | Note
-------+----------+-------------------------------------------
     0 | D:1      | Napalmbreeze the Troll Hunter began the quest for the Orb.
     0 | D:1      | Reached XP level 1. HP: 19/19 MP: 0/0
   196 | D:1      | Reached XP level 2. HP: 28/28 MP: 1/1
   765 | D:2      | Reached skill level 1 in Unarmed Combat
   765 | D:2      | Reached XP level 3. HP: 35/35 MP: 2/2
  1054 | D:2      | Found a shadowy altar of Dithmenos.
  1379 | D:2      | Reached XP level 4. HP: 44/44 MP: 3/3
  1779 | D:3      | Reached XP level 5. HP: 44/52 MP: 4/4
  2006 | D:3      | Noticed a sky beast
  2030 | D:3      | Killed a sky beast
  2030 | D:3      | Reached skill level 2 in Unarmed Combat
  2329 | D:4      | Reached XP level 6. HP: 61/61 MP: 5/5
  2620 | D:4      | Reached skill level 3 in Unarmed Combat
  2661 | D:4      | Reached XP level 7. HP: 59/70 MP: 6/6
  3316 | D:5      | Entered Level 5 of the Dungeon
  3663 | D:5      | Reached skill level 5 in Throwing
  3722 | D:5      | Reached skill level 4 in Unarmed Combat
  4439 | D:5      | Reached XP level 8. HP: 67/79 MP: 5/7
  4661 | D:6      | Reached skill level 5 in Unarmed Combat
  4701 | D:6      | Reached skill level 5 in Fighting
  4807 | D:6      | Found a burning altar of Makhleb.
  4809 | D:6      | Noticed Duvessa
  4809 | D:6      | Noticed Dowan
  4844 | D:6      | Killed Duvessa
  4844 | D:6      | Reached skill level 6 in Unarmed Combat
  4851 | D:6      | Killed Dowan
  4930 | D:6      | Became a worshipper of Makhleb the Destroyer
  5014 | D:6      | Reached skill level 7 in Unarmed Combat
  5168 | D:7      | Found a basalt altar of Yredelemnul.
  5198 | D:7      | Found an opulent altar of Gozag.
  5288 | D:7      | Noticed Joseph
  5294 | D:7      | Killed Joseph
  5294 | D:7      | Reached skill level 5 in Dodging
  5294 | D:7      | Reached skill level 1 in Invocations
  5294 | D:7      | Reached XP level 9. HP: 65/88 MP: 6/8
  5337 | D:7      | Found a stormy altar of Qazlal.
  5472 | D:7      | Found a staircase to the Ecumenical Temple.
  5652 | D:8      | Reached * piety under Makhleb
  5658 | D:8      | Reached skill level 8 in Unarmed Combat
  5748 | D:8      | Noticed a queen bee
  5771 | D:8      | Killed a queen bee
  6212 | D:8      | Found an ornate altar of the Wu Jian Council.
  6410 | D:8      | Reached XP level 10. HP: 90/100 MP: 7/12
  6415 | D:8      | Reached skill level 5 in Invocations
  6418 | D:8      | Reached ** piety under Makhleb
  6540 | D:8      | Found an ancient bone altar of Kikubaaqudgha.
  6540 | D:8      | Found an iron altar of Okawaru.
  6540 | D:8      | Found a shimmering altar of Xom.
  6726 | D:9      | Found Irghuqy's Incredible Inventory.
  6863 | D:9      | Found a snail-covered altar of Cheibriados.
  7415 | D:9      | Noticed Maurice
  7794 | D:9      | Found a snail-covered altar of Cheibriados.
  7866 | D:9      | Found Irghuqy's Incredible Inventory.
  8003 | D:9      | Killed Maurice
  8026 | D:10     | Entered Level 10 of the Dungeon
  8036 | D:10     | Found Ufiwa's Magic Scroll Shop.
  8058 | D:10     | Noticed Harold
  8066 | D:10     | Noticed a four-headed hydra
  8424 | D:10     | Found a staircase to the Lair.
  8540 | D:10     | Found a white marble altar of Elyvilon.
  8550 | D:10     | HP: 1/104 [four-headed hydra (10)]
  8550 | D:10     | Demolished by a four-headed hydra

Levels and vault maps discovered:
D:1:      evilmike_arrival_hilbert_curve, layout_loops_cross, minmay_tall_x
D:2:      layout_basic, first_ration, roderic_roman_lattice,
          grunt_dithmenos_smoke_and_mirrors
D:3:      layout_rooms
D:4:      layout_layer_cave
D:5:      layout_loops_corners, lemuel_flame_loot_1
D:6:      layout_rooms, bloody_makhleb, uniq_duvessa
D:7:      layout_cave_pools, nicolae_overflow_crystal_walls,
          nicolae_qazlal_style_of_elements, lemuel_crystal_altar,
          minmay_temple_entry_stoned_glass, uniq_joseph
D:8:      layout_basic, kennysheep_mini_moat, gammafunk_temple_overflow_claw,
          david_nohive_1, grunt_ministairs_5
D:9:      layout_basic, overflow_temple_1_default, nicolae_alphabet_shops,
          hangedman_decor_opposing, corexii_hall_statues_u, minmay_liquid_box,
          uniq_maurice
D:10:     layout_basic, lair_entry_dummy, serial_shops, shop,
          lemuel_altar_in_water, uniq_harold

Skill      XL: |  1  2  3  4  5  6  7  8  9 10 |
---------------+-------------------------------+-----
Fighting       | 2 3 4 5 6 7 |  7.8
Unarmed Combat | 1 2 3 4 7 8 |  8.9
Dodging        | 2 3 5 |  5.0
Throwing       | 4 5 |  5.0
Invocations    | 1 4 6 |  6.3
Stealth        | |  0.3

Action                   |  1- 3 |  4- 6 |  7- 9 | 10-12 || total
-------------------------+-------+-------+-------+-------++-------
Melee: Unarmed           |   156 |   108 |   295 |   164 ||   723
       Punch             |       |     1 |     8 |     2 ||    11
Throw: Large rock        |     1 |    13 |    27 |     7 ||    48
       Throwing net      |       |       |     2 |       ||     2
Invok: Minor Destruction |       |       |       |     3 ||     3
  Use: Scroll            |       |       |       |    15 ||    15
 Stab: Sleeping          |       |       |     1 |       ||     1
  Eat: Chunk             |    11 |    15 |    39 |    19 ||    84
Armor: Robe              |    77 |    44 |    99 |    68 ||   288
Dodge: Dodged            |   100 |    64 |   203 |   121 ||   488

Table legend:
 A = Non-vault XP
 B = Vault XP
 C = Vault XP percentage of total XP
 D = Non-vault monster count
 E = Vault monster count
 F = Vault count percentage of total count
                 A         B        C        D         E       F
            +---------+---------+-------+---------+---------+-------
      Total |    6446 |    2356 |  26.8 |     198 |      24 |  10.8
            +---------+---------+-------+---------+---------+-------
        D:1 |      22 |      11 |  33.3 |      14 |       4 |  22.2
        D:2 |      72 |       0 |   0.0 |      25 |       0 |   0.0
        D:3 |     255 |       0 |   0.0 |      23 |       0 |   0.0
        D:4 |     431 |       0 |   0.0 |      16 |       0 |   0.0
        D:5 |     656 |       0 |   0.0 |      23 |       0 |   0.0
        D:6 |     845 |     218 |  20.5 |      21 |       2 |   8.7
        D:7 |     261 |     430 |  62.2 |       8 |       1 |  11.1
        D:8 |    1655 |    1217 |  42.4 |      31 |      16 |  34.0
        D:9 |    1620 |     480 |  22.9 |      26 |       1 |   3.7
       D:10 |     629 |       0 |   0.0 |      11 |       0 |   0.0
            +---------+---------+-------+---------+---------+-------
